 Dungeon Crawl Stone Soup version 0.31-a0-1616-gbeaec30b81 (webtiles) character file.

Game seed: 6483633151100942545

47943 Xavori the Nimble (level 14, 0/103 HPs)
             Began as a Djinni Chaos Knight on Jan 10, 2024.
             Was a Plaything of Xom.
             Slain by a death yak (15 damage)
             ... on level 4 of the Lair of Beasts.
             The game lasted 00:35:58 (29714 turns).

Xavori the Nimble (Djinni Chaos Knight)            Turns: 29714, Time: 00:35:59

Health: 0/103      AC: 15    Str: 11    XL:     14   Next: 84%
Gold:   1635       EV: 19    Int: 28    God:    Xom [..*...] SH:  7 Dex: 21

rFire   + + .        x - +3 scimitar
rCold   . . .        Q - +1 buckler "Puirieg" {Int+3 Stlth+}
rNeg    + . .        D - +3 leather armour "Etraren" {rF- rN+ Str+2 SInv}
rPois   ∞            (helmet restricted)
rElec   .            G - +2 cloak {Stlth+}
rCorr   .            L - +1 pair of gloves of Eternal Vigilance {Int+2 Slay+3}
SInv    +            (boots unavailable)
Will    ++...        (no amulet)
Stlth   ++++         g - +6 ring of dexterity
HPRegen 0.37/turn    V - ring of protection from cold
MPRegen 0.00/turn

%: infuse magic (-1 HP)
@: weak-willed, flying, studying Staves
A: sickness immunity, fire resistance 3, cold vulnerability 1, float, innate
caster, HP casting, extra vitality 1, horns 2, iridescent scales 1, clever 2,
strong-willed 3, passive freeze, wild magic 1, MP-powered wands
a: Renounce Religion


You were on level 4 of the Lair of Beasts.
You worshipped Xom.
You were a toy of Xom.
You visited 2 branches of the dungeon, and saw 15 of its levels.
You also visited: Gauntlet, Ice Cave and Volcano.

You collected 1857 gold pieces.
You spent 222 gold pieces at shops.

Inventory:

Hand Weapons
 w - a +3 long sword
 x - a +3 scimitar (weapon)
Armour
 D - the +3 leather armour "Etraren" (worn) {rF- rN+ Str+2 SInv}
   (You found it on level 10 of the Dungeon)

   Str+2:     It affects your strength (+2).
   rF-:       It makes you vulnerable to fire.
   rN+:       It protects you from negative energy.
   SInv:      It lets you see invisible.
 G - a +2 cloak of stealth (worn)
 L - the +1 pair of gloves of Eternal Vigilance (worn) {Int+2 Slay+3}
   (You found it in a volcano)

   Int+2:     It affects your intelligence (+2).
   Slay+3:    It affects your accuracy & damage with ranged weapons and melee
   (+3).
 N - a +3 leather armour of fire resistance
 Q - the +1 buckler "Puirieg" (worn) {Int+3 Stlth+}
   (Xom gifted it to you on level 2 of the Lair of Beasts)

   Int+3:     It affects your intelligence (+3).
   Stlth+:    It makes you more stealthy.
 R - +0 acid dragon scales
Jewellery
 g - a +6 ring of dexterity (left hand)
 j - a +4 ring of protection
 o - the ring "Eraun" {rElec rN+ Str+6}
   (You found it in a Gauntlet)

   [ring of strength]

   Str+6:     It affects your strength (+6).
   rElec:     It insulates you from electricity.
   rN+:       It protects you from negative energy.
 p - the ring of the Heron {rN+ Will+}
   (You found it in a Gauntlet)

   [ring of willpower]

   rN+:       It protects you from negative energy.
   Will+:     It increases your willpower.
 q - a ring of positive energy
 s - a ring of wizardry
 y - a ring of wizardry
 B - the ring of Shadows {Umbra +Inv Stlth+}
   (You found it in an ice cave)

   [ring of stealth]

   Umbra:     It surrounds you with an aura of shadow, increasing your stealth
   and reducing the accuracy of all others within it.
   +Inv:      It lets you turn invisible.
   Stlth+:    It makes you more stealthy.
 H - a ring of fire
 V - a ring of protection from cold (right hand)
Wands
 e - a wand of acid (6)
 k - a wand of roots (12)
 m - a wand of charming (19)
 t - a wand of flame (28)
 F - a wand of polymorph (8)
Scrolls
 c - 2 scrolls of butterflies
 h - 8 scrolls of teleportation
 i - 3 scrolls of immolation
 l - 7 scrolls of fear
 n - 4 scrolls of fog
 r - 4 scrolls of enchant armour
 u - 4 scrolls of revelation
 E - 2 scrolls of enchant weapon
 K - 3 scrolls of vulnerability
 S - a scroll of acquirement {unknown}
 T - 2 scrolls of identify
 W - a scroll of silence {unknown}
Potions
 a - a potion of enlightenment
 b - a potion of might
 d - 2 potions of haste
 f - 7 potions of curing
 v - 4 potions of lignification
 z - 3 potions of mutation
 C - a potion of heal wounds
 M - a potion of cancellation {unknown}
 O - a potion of attraction
 P - a potion of degeneration {unknown}
 U - a potion of berserk rage
Miscellaneous
 A - a box of beasts
 I - a phantom mirror (inert)
 J - a tin of tremorstones (2/2)


   Skills:
 + Level 10.1 Fighting
 + Level 9.2 Long Blades
 + Level 9.6 Armour
 + Level 10.7 Dodging
 + Level 3.9 Shields
 * Level 10.3 Spellcasting
 * Level 10.3 Conjurations
 * Level 10.3 Hexes
   Level 0.0 Charms
 * Level 10.3 Summonings
 * Level 10.3 Necromancy
 * Level 10.3 Translocations
   Level 0.0 Transmutations
 * Level 10.3 Fire Magic
 * Level 10.3 Ice Magic
 * Level 10.3 Air Magic
 * Level 10.3 Earth Magic
 * Level 10.3 Alchemy
 - Level 9.1 Evocations


You knew the following spells:

 Your Spells              Type           Power      Damage    Failure   Level
a - Magic Dart            Conj           100%       1d8       1%          1
b - Mercury Vapours       Alch/Air       100%       N/A       1%          2
c - Searing Ray           Conj           100%       2d8       1%          2
d - Cause Fear            Hex            38%        N/A       1%          4
e - Manifold Assault      Tloc           76%        N/A       1%          4
f - Silence               Hex/Air        38%        N/A       4%          5
Your spell library was empty.

Dungeon Overview and Level Annotations

Branches:
Dungeon (11/15)            Temple (0/1) D:4            Lair (4/5) D:10
 Shoals (0/4) Lair:2       Spider (0/4) Lair:2          Orc (0/2) D:11
  IceCv (visited)         Volcano (visited)         Gauntlet (visited)
  Slime: Lair:4-5

Altars:
Cheibriados
Dithmenos
Fedhas
Hepliaklqana
Nemelex Xobeh
Okawaru
Xom
Zin

Shops:
D:4 ?   D:6 *:

Annotations:
Lair:3 exclusion: 2 oklob plants


Innate Abilities, Weirdness & Mutations

You are immune to sickness and miasma.
You are immune to poison.
Your flesh is almost immune to the effects of heat. (rF+++)
You are vulnerable to cold. (rC-)
You float through the air rather than walking.
You learn spells naturally, not from books.
Your magical power is your life essence.
You have superior vitality. (+4 MHP)
You have a pair of horns on your head.
You are partially covered in iridescent scales. (AC +2)
Your mind is very acute. (Int +8, Str/Dex -2)
You are extremely strong-willed. (Will+++)
A frigid envelope surrounds you and freezes all who hurt you.
Your spells are a little harder to cast, but a little more powerful.
You expend health (3 HP) to strengthen your wands.


Message History

The death yak barely misses you.
The web tears apart.
You are engulfed in seething chaos.
You are confused.
The yak closely misses you. The death yak misses you.
Unknown command.
You're too confused to move!
You are engulfed in seething chaos.
Your willpower is stripped away!
The yak completely misses you. The death yak completely misses you.
Unknown command.
You slash the death yak!
The death yak is heavily wounded.
You are engulfed in seething chaos.
The yak gores you!
* * * LOW HITPOINT WARNING * * *
The yak is very cold.
The yak is lightly wounded.
The death yak gores you!!
* * * LOW HITPOINT WARNING * * *
The death yak is very cold.
The death yak is heavily wounded.
Unknown command.
The yak barely misses you. The yak attacks as it pursues you!
The yak misses you.
You hit the death yak. Your headbutt misses the death yak.
The death yak is heavily wounded.
You feel less confused. You block the yak's attack.
You block the death yak's attack. The yak attacks as it pursues you!
The yak gores you but does no damage.
The yak is very cold.
The yak is moderately wounded.
You block the yak's attack.
The death yak attacks as it pursues you!
You block the death yak's attack. "This might be better!"
The yak evaporates and reforms as a shining eye!
You are now a toy of Xom.
You slash the death yak! Your headbutt misses the death yak.
The death yak is heavily wounded.
The death yak gores you!
You die...
Xom cackles wildly!

........ ......(...............
........ .......................
........ ......................
........ ....>.................
........ ............(........#
.....### P.#....###.##......###
.....# ### ###...# ######....##.
.....# #.####....# #....##.
.....# #....#P..@# #....#..
.....###...###..Y# #....##.
......#....# #.G.## #.......
......##...###....# #........
......##.####.....#.#.. #.....P#.
......##..##P....## ..####....##.
..................###.P.#.....###
............†§................##.
.................................


You could see a death yak and a shining eye.

Vanquished Creatures
  A frost giant (IceCv)
  A minotaur (Gauntlet)
  A hydra (Lair:1)
  2 boulder beetles
  A two-headed ogre (D:9)
  6 death yaks
  Urug (Lair:3)
  A sun demon (Volcano)
  A hell knight (Volcano)
  A skyshark (Lair:2)
  A deep elf pyromancer (D:11)
  Pikel (D:5)
  2 manticores
  3 ugly things
  Maurice (D:11)
  An apocalypse crab (Gauntlet)
  2 guardian serpents (D:11)
  A torpor snail (Lair:2)
  2 black mambas
  Jeremiah (D:6)
  A gargoyle (D:10)
  6 cane toads
  3 unseen horrors
  5 komodo dragons
  2 ice devils
  2 rime drakes (IceCv)
  2 trolls
  6 polar bears
  A hornet (D:11)
  A wind drake (Lair:2)
  11 blink frogs
  45 yaks
  A wraith (D:10)
  A shadow (D:11)
  6 fire bats (Volcano)
  2 wyverns
  Grum (D:11)
  A golden eye (Volcano)
  3 basilisks (Lair:2)
  4 steam dragons
  7 vampire mosquitoes (D:11)
  18 water moccasins
  3 acid dragons
  2 hell hounds (Volcano)
  4 black bears
  11 orc warriors
  7 centaurs
  3 ogres
  54 wolves
  5 phantoms
  A lemure (D:5)
  A kobold brigand (D:6)
  17 bullfrogs
  A gnoll sergeant (D:11)
  10 scorpions
  10 wights
  5 killer bees (D:7)
  15 electric eels
  3 howler monkeys
  6 lava snakes (Volcano)
  A quasit (D:5)
  3 jellies
  A bombardier beetle (D:4)
  7 orc priests
  9 hounds
  Crazy Yiuf (D:7)
  7 iguanas
  6 orc wizards
  6 gnolls
  5 adders
  2 white imps
  3 dart slugs
  3 ribbon worms
  61 orcs
  6 ball pythons
  8 endoplasms
  2 giant cockroaches
  7 goblins
  5 hobgoblins
  7 jackals
  15 kobolds
  2 quokkas
  5 bats
  2 frilled lizards
  3 rats
495 creatures vanquished.

Vanquished Creatures (collateral kills)
  2 yaks (D:9)
  An ice beast (D:6)
  2 wights (D:10)
  A killer bee (D:7)
  A gnoll (D:4)
7 creatures vanquished.

Vanquished Creatures (others)
  2 eldritch tentacles
  A minotaur (D:1)
  A demonspawn (D:1)
  A draconian (D:1)
  2 gargoyles (D:1)
  A troll (D:1)
  A formicid (D:1)
  3 humans (D:1)
  An elf (D:1)
  A demigod (D:1)
  A naga (D:1)
  A wolf (IceCv)
  A gnoll (D:11)
  2 kobolds (D:1)
  6 tentacles (D:1)
25 creatures vanquished.

Grand Total: 527 creatures vanquished

Notes
Turn   | Place    | Note
-------+----------+-------------------------------------------
     0 | D:1      | Xavori the Djinni Chaos Knight began the quest for the Orb.
     0 | D:1      | Reached XP level 1. HP: 20/20 MP: 0/0
     2 | D:1      | Noticed a gargoyle
     2 | D:1      | Noticed a gargoyle
     2 | D:1      | Noticed a minotaur
     2 | D:1      | Noticed a draconian
     2 | D:1      | Noticed a human
     2 | D:1      | Noticed a formicid
     2 | D:1      | Noticed a demigod
     2 | D:1      | Noticed a troll
     2 | D:1      | Noticed a kraken
     2 | D:1      | Noticed a demonspawn
     2 | D:1      | Noticed a naga
     2 | D:1      | Noticed an elf
     2 | D:1      | Noticed a human
     2 | D:1      | Noticed a human
     3 | D:1      | Killed a human
     4 | D:1      | Killed an elf
     6 | D:1      | Killed a human
     6 | D:1      | Killed a human
     8 | D:1      | Killed a naga
     9 | D:1      | Killed a minotaur
    10 | D:1      | Killed a troll
    12 | D:1      | Killed a draconian
    12 | D:1      | Killed a formicid
    13 | D:1      | Killed a gargoyle
    13 | D:1      | Killed a demonspawn
    14 | D:1      | Killed a gargoyle
    14 | D:1      | Killed a demigod
    64 | D:1      | XOM: divination: detect items
   113 | D:1      | XOM: silly message
   135 | D:1      | Reached XP level 2. HP: 25/25 MP: 0/0
   941 | D:1      | Reached XP level 3. HP: 25/30 MP: 0/0
   941 | D:1      | Learned a level 1 spell: Magic Dart
   943 | D:1      | Reached skill level 1 in Spellcasting
   943 | D:1      | Reached skill level 1 in Conjurations
   943 | D:1      | Reached skill level 1 in Hexes
   943 | D:1      | Reached skill level 1 in Summonings
   943 | D:1      | Reached skill level 1 in Necromancy
   943 | D:1      | Reached skill level 1 in Translocations
   943 | D:1      | Reached skill level 1 in Fire Magic
   943 | D:1      | Reached skill level 1 in Ice Magic
   943 | D:1      | Reached skill level 1 in Air Magic
   943 | D:1      | Reached skill level 1 in Earth Magic
   943 | D:1      | Reached skill level 1 in Alchemy
  1009 | D:2      | Found a faded altar of an unknown god.
  1293 | D:1      | XOM: silly message
  1311 | D:1      | XOM: god gift: scimitar {god gift}
  1363 | D:1      | XOM: god gift: wand of roots (4)
  1691 | D:1      | XOM: god gift: runed halberd {god gift}
  1705 | D:1      | XOM: noise
  1879 | D:1      | XOM: silly message
  3208 | D:1      | XOM: give mutations
  3208 | D:1      | Gained mutation: You occasionally lose the ability to read
                  | scrolls when taking damage. [Xom's mischief]
  3208 | D:1      | Lost mutation: You occasionally lose the ability to read
                  | scrolls when taking damage. [Xom's mischief]
  3208 | D:1      | Gained mutation: Your body sometimes deteriorates upon
                  | taking damage. [Xom's mischief]
  3208 | D:1      | Gained mutation: You are robust. (+10% HP) [Xom's mischief]
  3540 | D:1      | XOM is BORED!
  3540 | D:1      | XOM: summons 2 hostile shadow creatures
  3782 | D:1      | XOM: give mutations
  3782 | D:1      | Gained mutation: Your muscles are strong. (Str +4, Int/Dex
                  | -1) [Xom's grace]
  3782 | D:1      | Gained mutation: You are strong-willed. (Will+) [Xom's
                  | grace]
  3782 | D:1      | Gained mutation: You are highly strong-willed. (Will++)
                  | [Xom's grace]
  5018 | D:1      | XOM: god gift: blackened beryl amulet {god gift}
  5281 | D:1      | XOM: scenery: summon butterflies
  5389 | D:1      | XOM: give mutations
  5389 | D:1      | Gained mutation: You have a pair of small horns on your
                  | head. [Xom's grace]
  5389 | D:1      | Gained mutation: Your mind is acute. (Int +4, Str/Dex -1)
                  | [Xom's grace]
  5455 | D:1      | XOM: noise
  5900 | D:1      | XOM: give mutations
  5900 | D:1      | Gained mutation: Your muscles are very strong. (Str +8,
                  | Int/Dex -2) [Xom's mischief]
  5900 | D:1      | Lost mutation: Your mind is acute. (Int +4, Str/Dex -1)
                  | [Xom's mischief]
  5900 | D:1      | Gained mutation: Your spells are a little easier to cast,
                  | but a little less powerful. [Xom's mischief]
  6116 | D:1      | XOM: noise
  6528 | D:1      | XOM: cloud trail
  6574 | D:1      | XOM: god gift: wand of charming (8)
  7026 | D:1      | XOM: give mutations
  7026 | D:1      | Gained mutation: You have very sharp teeth. [Xom's grace]
  7026 | D:1      | Lost mutation: Your spells are a little easier to cast, but
                  | a little less powerful. [Xom's grace]
  7314 | D:1      | XOM: divination: magic mapping
  8225 | D:1      | XOM is BORED!
  8225 | D:1      | XOM: summons 1 hostile shadow creature
  8238 | D:1      | XOM: god gift: ring mail {god gift}
  8671 | D:1      | XOM: give mutations
  8671 | D:1      | Gained mutation: You passively map a small area around you.
                  | [Xom's grace]
  8671 | D:1      | Gained mutation: You are covered in fur. (AC +1) [Xom's
                  | grace]
  9101 | D:2      | XOM: divination: detect creatures
  9235 | D:3      | Found a sparkling altar of Nemelex Xobeh.
  9254 | D:3      | XOM: 1-stop teleportation journey
  9286 | D:3      | Reached XP level 4. HP: 38/38 MP: 0/0
  9383 | D:3      | Found a hazy altar of Hepliaklqana.
  9386 | D:3      | Found a snail-covered altar of Cheibriados.
  9386 | D:3      | Found a glowing silver altar of Zin.
  9386 | D:3      | XOM: 2-stop teleportation journey
  9493 | D:3      | XOM: god gift: 58 gold pieces
  9810 | D:3      | XOM: summons 3 hostile demons
  9959 | D:4      | XOM: summons 3 hostile demons
 10063 | D:4      | Noticed a phantom
 10064 | D:4      | XOM: confuse monster(s)
 10065 | D:4      | XOM: scenery: 1 doors close
 10091 | D:4      | Killed a phantom
 10092 | D:4      | Reached XP level 5. HP: 27/44 MP: 0/0
 10092 | D:4      | Learned a level 2 spell: Mercury Vapours
 10161 | D:4      | XOM: summons 5 friendly demons
 10164 | D:4      | Reached XP level 6. HP: 50/50 MP: 0/0
 10184 | D:4      | Found a staircase to the Ecumenical Temple.
 10411 | D:4      | Found Fito's Magic Scroll Emporium.
 10419 | D:4      | Bought a scroll of identify for 26 gold pieces
 10419 | D:4      | Bought a scroll of teleportation for 39 gold pieces
 10419 | D:4      | Bought a scroll of enchant armour for 97 gold pieces
 10485 | D:4      | XOM: cloud trail
 10501 | D:4      | Noticed an ogre
 10510 | D:4      | Killed an ogre
 10861 | D:4      | XOM: summons 6 friendly demons
 10863 | D:4      | Reached XP level 7. HP: 31/56 MP: 0/0
 10863 | D:4      | Learned a level 2 spell: Searing Ray
 10989 | D:5      | Entered Level 5 of the Dungeon
 11275 | D:5      | Noticed Pikel
 11275 | D:5      | XOM: 3-stop teleportation journey
 11276 | D:5      | XOM: enchant monster (good)
 11279 | D:5      | XOM: enchant monster (good)
 11288 | D:5      | Killed Pikel
 11289 | D:5      | Reached XP level 8. HP: 20/63 MP: 0/0
 11357 | D:5      | XOM: fake destruction
 11523 | D:5      | XOM: give mutation
 11523 | D:5      | Gained mutation: You are somewhat resistant to further
                  | mutation. [Xom's grace]
 11526 | D:5      | Reached skill level 5 in Fighting
 11537 | D:5      | XOM: 1-stop teleportation journey
 11604 | D:5      | Found an iron altar of Okawaru.
 11784 | D:5      | Reached skill level 5 in Dodging
 11815 | D:5      | XOM: cleaving
 11819 | D:5      | Reached XP level 9. HP: 59/71 MP: 0/0
 11819 | D:5      | Learned a level 4 spell: Cause Fear
 11821 | D:5      | XOM: give mutations
 11821 | D:5      | Gained mutation: You are resistant to electric shocks.
                  | (rElec) [Xom's mischief]
 11821 | D:5      | Lost mutation: You are resistant to electric shocks.
                  | (rElec) [Xom's mischief]
 11957 | D:5      | XOM: god gift: 25 gold pieces
 11968 | D:5      | XOM: god gift: wand of flame (14)
 12089 | D:6      | XOM: cleaving
 12131 | D:6      | Noticed Jeremiah
 12141 | D:6      | Reached skill level 1 in Evocations
 12176 | D:6      | Reached skill level 5 in Spellcasting
 12176 | D:6      | Reached skill level 5 in Conjurations
 12176 | D:6      | Reached skill level 5 in Hexes
 12176 | D:6      | Reached skill level 5 in Summonings
 12176 | D:6      | Reached skill level 5 in Necromancy
 12176 | D:6      | Reached skill level 5 in Translocations
 12176 | D:6      | Reached skill level 5 in Fire Magic
 12176 | D:6      | Reached skill level 5 in Ice Magic
 12176 | D:6      | Reached skill level 5 in Air Magic
 12176 | D:6      | Reached skill level 5 in Earth Magic
 12176 | D:6      | Reached skill level 5 in Alchemy
 12416 | D:6      | Reached skill level 5 in Long Blades
 12441 | D:6      | XOM: 2-stop teleportation journey
 12482 | D:6      | XOM: smoke on damage
 12482 | D:6      | Found Lairch's Tremendous Tomes.
 12496 | D:6      | XOM: give mutations
 12496 | D:6      | Gained mutation: Your spells are a little harder to cast,
                  | but a little more powerful. [Xom's mischief]
 12496 | D:6      | Lost mutation: Your spells are a little harder to cast, but
                  | a little more powerful. [Xom's mischief]
 12496 | D:6      | Lost mutation: You have very sharp teeth. [Xom's mischief]
 12496 | D:6      | Lost mutation: You are robust. (+10% HP) [Xom's mischief]
 12529 | D:6      | XOM: stat loss: -1 Int (11/12)
 12588 | D:6      | XOM: 6-stop teleportation journey
 12753 | D:6      | XOM: cast spell 'Malign Gateway'
 12893 | D:6      | XOM: stat loss: -1 Str (18/19)
 12912 | D:6      | Found Baubud's CLEARANCE SALE!.
 12917 | D:6      | Bought a potion of haste for 50 gold pieces
 12917 | D:6      | XOM: silly message
 12926 | D:6      | XOM: summons 1 hostile demon
 12965 | D:6      | XOM: draining
 12969 | D:6      | XOM: noise
 12991 | D:6      | Killed Jeremiah
 13211 | D:6      | Reached skill level 5 in Armour
 13256 | D:6      | Reached XP level 10. HP: 63/72 MP: 0/0
 13604 | D:7      | Found a runed translucent door.
 13605 | D:7      | Noticed Crazy Yiuf
 13615 | D:7      | XOM: give mutations
 13615 | D:7      | Gained mutation: You are somewhat resistant to both further
                  | mutation and mutation removal. [Xom's mischief]
 13615 | D:7      | Lost mutation: You are covered in fur. (AC +1) [Xom's
                  | mischief]
 13615 | D:7      | Gained mutation: You are partially covered in iridescent
                  | scales. (AC +2) [Xom's mischief]
 13744 | D:7      | XOM: swap monsters
 13846 | D:6      | XOM: give mutations
 13846 | D:6      | Lost mutation: Your muscles are very strong. (Str +8,
                  | Int/Dex -2) [Xom's mischief]
 13846 | D:6      | Lost mutation: Your body sometimes deteriorates upon taking
                  | damage. [Xom's mischief]
 13927 | D:6      | XOM: draining
 14224 | D:7      | XOM: confuse monster(s)
 14250 | D:7      | XOM: enchant monster (good)
 14366 | D:7      | XOM: potion effect (might)
 14652 | D:7      | Killed Crazy Yiuf
 14746 | D:8      | XOM: god gift: 633 gold pieces
 14754 | D:8      | XOM: scenery: create altars
 14877 | D:7      | Reached skill level 5 in Evocations
 14894 | D:7      | XOM: cloud trail
 14905 | D:7      | XOM: give mutations
 14905 | D:7      | Gained mutation: You have a pair of horns on your head.
                  | [Xom's grace]
 14905 | D:7      | Gained mutation: You expend health (3 HP) to strengthen
                  | your wands. [Xom's grace]
 14905 | D:7      | Gained mutation: Your spells are a little harder to cast,
                  | but a little more powerful. [Xom's grace]
 14958 | D:8      | XOM: 1-stop teleportation journey
 14984 | D:8      | XOM: give mutations
 14984 | D:8      | Gained mutation: A frigid envelope surrounds you and
                  | freezes all who hurt you. [Xom's mischief]
 14984 | D:8      | Lost mutation: You are partially covered in iridescent
                  | scales. (AC +2) [Xom's mischief]
 14984 | D:8      | Gained mutation: You occasionally shout uncontrollably at
                  | your foes. [Xom's mischief]
 14984 | D:8      | Lost mutation: You passively map a small area around you.
                  | [Xom's mischief]
 15276 | D:7      | XOM: give mutations
 15276 | D:7      | Gained mutation: You have a pair of large horns on your
                  | head. [Xom's grace]
 15276 | D:7      | Gained mutation: You are partially covered in large bone
                  | plates. (SH +4) [Xom's grace]
 15364 | D:8      | XOM: enchant monster (bad)
 15369 | D:8      | Reached XP level 11. HP: 74/78 MP: 0/0
 15369 | D:8      | Learned a level 4 spell: Manifold Assault
 15431 | D:8      | XOM: polymorph kobold brigand -> steam dragon
 15432 | D:8      | XOM: fake destruction
 15603 | D:8      | XOM: god gift: 36 gold pieces
 15675 | D:8      | Found a blossoming altar of Fedhas.
 15708 | D:8      | XOM: give mutation
 15708 | D:8      | Lost mutation: You are partially covered in large bone
                  | plates. (SH +4) [Xom's mischief]
 15770 | D:8      | XOM: silly message
 15824 | D:8      | XOM: god gift: Necronomicon
 16172 | D:9      | Noticed a two-headed ogre
 16173 | D:9      | XOM: summons friendly shadow imp
 16192 | D:9      | Killed a two-headed ogre
 16200 | D:9      | XOM: cast spell 'Malign Gateway'
 16442 | D:9      | XOM: 1-stop teleportation journey
 16520 | D:9      | XOM: scenery: 1 doors close
 16621 | D:9      | XOM: silly message
 16670 | D:8      | XOM: give mutations
 16670 | D:8      | Gained mutation: You are agile. (Dex +4, Str/Int -1) [Xom's
                  | grace]
 16670 | D:8      | Gained mutation: You possess an exceptional clarity of
                  | mind. [Xom's grace]
 16670 | D:8      | Gained mutation: Your flesh is almost immune to the effects
                  | of heat. (rF+++) [Xom's grace]
 16716 | D:6      | Bought a scroll of identify for 10 gold pieces
 16802 | D:9      | XOM: give mutation
 16802 | D:9      | Lost mutation: Your muscles are strong. (Str +4, Int/Dex
                  | -1) [Xom's mischief]
 16985 | D:9      | Found a shadowy altar of Dithmenos.
 17001 | D:10     | Entered Level 10 of the Dungeon
 17191 | D:10     | XOM: scenery: create altars
 17280 | D:10     | XOM: cast spell 'Monstrous Menagerie'
 17329 | D:10     | XOM: give mutations
 17329 | D:10     | Lost mutation: You are somewhat resistant to both further
                  | mutation and mutation removal. [Xom's mischief]
 17329 | D:10     | Lost mutation: You are somewhat resistant to further
                  | mutation. [Xom's mischief]
 17329 | D:10     | Gained mutation: You have hidden genetic potential. [Xom's
                  | mischief]
 17329 | D:10     | Lost mutation: You possess an exceptional clarity of mind.
                  | [Xom's mischief]
 17329 | D:10     | Lost mutation: You are agile. (Dex +4, Str/Int -1) [Xom's
                  | mischief]
 17537 | D:10     | Identified the +3 leather armour "Etraren" {rF- rN+ Str+2
                  | SInv}
 17541 | D:10     | XOM: summons 3 friendly demons
 17592 | D:10     | XOM: swap monsters
 17633 | D:10     | XOM: 1-stop teleportation journey
 17913 | D:10     | XOM: summons 3 friendly demons
 18018 | D:10     | XOM: scenery: summon butterflies
 18423 | D:10     | Found a staircase to the Lair.
 18672 | D:10     | XOM: potion effect (heal wounds)
 18709 | D:10     | XOM: enchant monster (good)
 18785 | D:10     | XOM: give mutations
 18785 | D:10     | Lost mutation: Your spells are a little harder to cast, but
                  | a little more powerful. [Xom's mischief]
 18785 | D:10     | Lost mutation: You occasionally shout uncontrollably at
                  | your foes. [Xom's mischief]
 18785 | D:10     | Gained mutation: You have supernaturally acute eyesight.
                  | (SInv) [Xom's mischief]
 18888 | D:11     | Noticed a manticore
 18899 | D:11     | Killed a manticore
 18931 | D:11     | Noticed a red ugly thing
 18935 | D:10     | XOM: fog
 18937 | D:10     | XOM: summons friendly crimson imp
 18942 | D:10     | Killed a red ugly thing
 18943 | D:10     | Reached XP level 12. HP: 64/85 MP: 0/0
 18955 | D:11     | XOM: polymorph orc wizard -> dart slug
 19055 | D:11     | XOM: enchant monster (bad)
 19337 | D:11     | Noticed a boulder beetle
 19339 | D:11     | XOM: blink monster(s)
 19348 | D:11     | Killed a boulder beetle
 19484 | D:11     | Noticed Maurice
 19505 | D:11     | XOM: enchant monster (bad)
 19507 | D:11     | Killed Maurice
 19515 | D:11     | Gained mutation: Your mind is acute. (Int +4, Str/Dex -1)
                  | [hidden potential]
 19524 | D:11     | XOM: draining
 19547 | D:11     | XOM: chaos upgrade
 19687 | D:11     | Found a staircase to the Orcish Mines.
 19757 | D:11     | XOM: confusion
 19766 | D:11     | XOM: noise
 19823 | D:11     | XOM: divination: magic mapping
 20296 | D:11     | Noticed Grum
 20304 | D:11     | XOM: noise
 20322 | D:11     | Killed Grum
 20754 | Lair:1   | Entered Level 1 of the Lair of Beasts
 20819 | Lair:1   | XOM: noise
 20924 | Lair:1   | XOM: divination: magic mapping
 21033 | Lair:1   | Found a gate leading to a gauntlet.
 21051 | Lair:1   | Noticed a seven-headed hydra
 21056 | Lair:1   | Reached XP level 13. HP: 68/92 MP: 0/0
 21056 | Lair:1   | Learned a level 5 spell: Silence
 21059 | Lair:1   | Killed an eight-headed hydra
 21071 | Gauntlet | Entered a Gauntlet
 21071 | Gauntlet | Found a transporter.
 21071 | Gauntlet | Found a transporter.
 21072 | Gauntlet | Noticed a ghost crab
 21163 | Gauntlet | Found a transporter.
 21175 | Gauntlet | Found a transporter.
 21176 | Gauntlet | XOM: god gift: 27 gold pieces
 21190 | Gauntlet | Found a transporter.
 21200 | Gauntlet | Found a transporter.
 21215 | Gauntlet | Found a transporter.
 21221 | Gauntlet | Found a transporter.
 21235 | Gauntlet | Found a transporter.
 21252 | Gauntlet | Found a transporter.
 21256 | Gauntlet | Found a transporter.
 21295 | Gauntlet | Found a transporter.
 21340 | Gauntlet | XOM: confusion
 21345 | Gauntlet | XOM: enchant monster (good)
 21347 | Gauntlet | XOM: fake destruction
 21352 | Gauntlet | Identified the ring "Eraun" {rElec rN+ Str+6}
 21394 | Gauntlet | XOM: give mutations
 21394 | Gauntlet | Gained mutation: Your spells are a little harder to cast,
                  | but a little more powerful. [Xom's grace]
 21394 | Gauntlet | Gained mutation: Your mind is very acute. (Int +8, Str/Dex
                  | -2) [Xom's grace]
 21606 | Gauntlet | Identified the ring of the Heron {rN+ Will+}
 21655 | Gauntlet | Noticed a minotaur
 21662 | Gauntlet | Killed a minotaur
 21713 | Gauntlet | XOM: god gift: wand of acid (3)
 21927 | Lair:1   | XOM: god gift: wand of roots (6)
 22342 | Lair:1   | XOM: divination: detect creatures
 22343 | Lair:1   | Gained mutation: You are resistant to electric shocks.
                  | (rElec) [hidden potential]
 22343 | Lair:1   | Lost mutation: You have hidden genetic potential. [hidden
                  | potential expressed]
 22437 | Lair:1   | XOM: cloud trail
 22571 | Lair:1   | XOM: silly message
 22723 | Lair:2   | Found a staircase to the Shoals.
 22726 | Lair:2   | XOM: potion effect (might)
 22746 | Lair:2   | XOM: god gift: storm talisman {god gift}
 22769 | Lair:2   | Found a dark tunnel.
 22781 | Volcano  | Entered a volcano
 22795 | Volcano  | XOM: 2-stop teleportation journey
 22797 | Volcano  | XOM: enchant monster (bad)
 22847 | Volcano  | XOM: polymorph fire bat -> golden eye
 22873 | Volcano  | XOM: give mutations
 22873 | Volcano  | Gained mutation: You are extremely strong-willed. (Will+++)
                  | [Xom's grace]
 22873 | Volcano  | Gained mutation: You are partially covered in iridescent
                  | scales. (AC +2) [Xom's grace]
 23041 | Volcano  | XOM: cleaving
 23248 | Volcano  | Found a burning altar of Makhleb.
 23253 | Volcano  | Identified the +1 pair of gloves of Eternal Vigilance
                  | {Int+2 Slay+3}
 23414 | Lair:2   | Found a hole to the Spider Nest.
 23415 | Lair:2   | XOM: swap monsters
 23664 | Lair:2   | Found a hazy altar of Hepliaklqana.
 24049 | Lair:2   | XOM: summons 4 hostile shadow creatures
 24050 | Lair:2   | Noticed a catoblepas
 24240 | Lair:1   | XOM: silly message
 24464 | Lair:2   | Identified the +1 buckler "Puirieg" {Int+3 Stlth+} (Xom
                  | gifted it to you on level 2 of the Lair of Beasts)
 24464 | Lair:2   | XOM: god gift: +1 buckler "Puirieg" {Int+3 Stlth+}
 24765 | Lair:3   | XOM: blink monster(s)
 24768 | Lair:3   | XOM: divination: detect creatures
 24825 | Lair:3   | XOM: noise
 24845 | Lair:3   | XOM: enchant monster (bad)
 24852 | Lair:3   | XOM: noise
 24860 | Lair:3   | XOM: cast spell 'Fugue of the Fallen'
 24861 | Lair:3   | XOM: potion effect (heal wounds)
 24874 | Lair:3   | Reached skill level 1 in Shields
 24877 | Lair:3   | Reached XP level 14. HP: 40/101 MP: 0/0
 25242 | Lair:3   | XOM: silly message
 25383 | Lair:3   | Reached skill level 10 in Dodging
 25608 | Lair:3   | Noticed Urug
 25614 | Lair:3   | Killed Urug
 25721 | Lair:3   | XOM: silly message
 25921 | Lair:3   | XOM: cloud trail
 26410 | Lair:4   | XOM: potion effect (berserk rage)
 26411 | Lair:4   | XOM: summons 2 friendly demons
 26499 | Lair:4   | XOM: enchant monster (bad)
 26507 | Lair:4   | XOM: enchant monster (bad)
 26511 | Lair:3   | XOM: summons friendly quasit
 26543 | Lair:3   | XOM: noise
 26568 | Lair:3   | XOM: polymorph death yak -> glowing shapeshifter
 26585 | Lair:3   | an orb spider changed into a quicksilver ooze
 26585 | Lair:3   | Noticed a quicksilver ooze (glowing shapeshifter)
 26661 | Lair:3   | XOM: give mutations
 26661 | Lair:3   | Lost mutation: You are resistant to electric shocks.
                  | (rElec) [Xom's mischief]
 26661 | Lair:3   | Lost mutation: You have supernaturally acute eyesight.
                  | (SInv) [Xom's mischief]
 26661 | Lair:3   | Lost mutation: You have a pair of large horns on your head.
                  | [Xom's mischief]
 26664 | Lair:4   | Found a frozen archway.
 26715 | IceCv    | Entered an ice cave
 26888 | IceCv    | Reached skill level 10 in Spellcasting
 26888 | IceCv    | Reached skill level 10 in Conjurations
 26888 | IceCv    | Reached skill level 10 in Hexes
 26888 | IceCv    | Reached skill level 10 in Summonings
 26888 | IceCv    | Reached skill level 10 in Necromancy
 26888 | IceCv    | Reached skill level 10 in Translocations
 26888 | IceCv    | Reached skill level 10 in Fire Magic
 26888 | IceCv    | Reached skill level 10 in Ice Magic
 26888 | IceCv    | Reached skill level 10 in Air Magic
 26888 | IceCv    | Reached skill level 10 in Earth Magic
 26888 | IceCv    | Reached skill level 10 in Alchemy
 27155 | IceCv    | XOM: enchant monster (bad)
 27163 | IceCv    | XOM: destruction
 27257 | IceCv    | Identified the +2 leather armour of Disguise {+Inv rPois
                  | Dex-4 SInv}
 27358 | IceCv    | XOM: summons 6 friendly demons
 27387 | IceCv    | XOM: divination: detect items
 27828 | IceCv    | XOM: god gift: 8 stones
 27943 | IceCv    | XOM: butterfly on damage
 28093 | IceCv    | Noticed a frost giant
 28094 | IceCv    | XOM: enchant monster (good)
 28106 | IceCv    | Killed a frost giant
 28107 | IceCv    | Reached skill level 10 in Fighting
 28431 | IceCv    | XOM: divination: detect creatures
 28443 | IceCv    | XOM: potion effect (invisibility)
 28535 | IceCv    | Found the ring of Shadows {Umbra +Inv Stlth+}
 28561 | IceCv    | XOM: noise
 29330 | Lair:4   | XOM: summons 8 hostile demons
 29340 | Lair:4   | HP: 4/103 [barbs]
 29685 | Lair:4   | XOM: confusion
 29688 | Lair:4   | XOM: confusion
 29699 | Lair:4   | XOM: chaos cloud
 29712 | Lair:4   | XOM: polymorph yak -> shining eye
 29714 | Lair:4   | Slain by a death yak

Illustrated notes

Levels and vault maps discovered:
D:1:      nicolae_arrival_kraken_aquarium_b, layout_loops_corners,
          serial_aquarium, aquarium_bridge_square [aquarium_subvault_bridge,
          aquarium_subvault_window, aquarium_subvault_bridge,
          aquarium_subvault_window], aquarium_bridge_straight
          [aquarium_subvault_bridge, aquarium_subvault_wall,
          aquarium_subvault_bridge, aquarium_subvault_window],
          aquarium_window_1, aquarium_window_2, aquarium_window_fake,
          aquarium_window_1, aquarium_view_2b, aquarium_view_2d,
          aquarium_balcony_3b, aquarium_pool_1
D:2:      layout_basic, nicolae_ecumenical_pavilion
D:3:      layout_loops_ring, mainiacjoe_overflow_boulevard,
          chequers_temple_overflow_statue_of_worship,
          nicolae_overflow_crystal_walls, minmay_fountain_box,
          minmay_misc_feat_rugged
D:4:      layout_basic, lemuel_coloured_pillars_altar,
          minmay_temple_entry_ruins, serial_shops, shop, nrook_loot_triangle
D:5:      layout_basic, marbit_many_paths, uniq_pikel
D:6:      kennysheep_spiral_hall, layout_layer_cave,
          nicolae_shop_i_like_big_books, nicolae_shop_clearance, uniq_jeremiah
D:7:      layout_rooms, uniq_crazy_yiuf_cottage
D:8:      layout_rooms, mainiacjoe_overflow_tiny_flanked,
          minmay_manual_monstrance
D:9:      layout_irregular_city, mainiacjoe_overflow_swirl
D:10:     minmay_angry_zag, layout_basic, erik_lair_island
D:11:     nrook_guardian_serpent_snake_passage, layout_irregular_city,
          erik_orc_2, st_stairs_1, hangedman_decor_lopped,
          hangedman_decor_clover_reticule, uniq_maurice, uniq_grum
Lair:1:   statuecave_lemuel, layout_hall_layers, gauntlet_entry_generic,
          beast_lair_carwin_7, infiniplex_staircase_pool_2
Lair:2:   layout_cave_pods, minmay_shoals_entry_beasts,
          nicolae_spider_entry_non_spiders, enter_volcano_1, basic_altar,
          fungi_pond_lemuel
Lair:3:   layout_regular_city, disabler_island, uniq_urug
Lair:4:   layout_regular_city, portal_ice_cave_demonic_guard

Skill      XL: |  1  2  3  4  5  6  7  8  9 10 11 12 13 14 |
---------------+-------------------------------------------+-----
Spellcasting   | 1 2 4 5 6 7 8 9 10 | 10.3
Conjurations   | 1 2 4 5 6 7 8 9 10 | 10.3
Hexes          | 1 2 4 5 6 7 8 9 10 | 10.3
Summonings     | 1 2 4 5 6 7 8 9 10 | 10.3
Necromancy     | 1 2 4 5 6 7 8 9 10 | 10.3
Translocations | 1 2 4 5 6 7 8 9 10 | 10.3
Fire Magic     | 1 2 4 5 6 7 8 9 10 | 10.3
Ice Magic      | 1 2 4 5 6 7 8 9 10 | 10.3
Air Magic      | 1 2 4 5 6 7 8 9 10 | 10.3
Earth Magic    | 1 2 4 5 6 7 8 9 10 | 10.3
Alchemy        | 1 2 4 5 6 7 8 9 10 | 10.3
Long Blades    | 3 4 5 6 7 8 9 |  9.2
Armour         | 2 3 4 5 6 7 8 9 |  9.6
Dodging        | 3 4 5 6 7 8 9 10 | 10.7
Fighting       | 4 5 6 7 8 9 10 | 10.1
Evocations     | 3 5 7 8 9 |  9.1
Shields        | 1 3 |  3.9

Action                     |  1- 3 |  4- 6 |  7- 9 | 10-12 | 13-15 || total
---------------------------+-------+-------+-------+-------+-------++-------
  Melee: Falchion          |    98 |   141 |   155 |       |       ||   394
         Punch             |     1 |       |     3 |     7 |     2 ||    13
         Headbutt          |     5 |    32 |    53 |   154 |   139 ||   383
         Bite              |     1 |    21 |    26 |       |       ||    48
         Long sword        |       |       |    50 |   572 |       ||   622
         Scimitar          |       |       |       |    81 |   636 ||   717
   Cast: Mercury Vapours   |       |     2 |    10 |    29 |     4 ||    45
         Cause Fear        |       |       |       |     2 |     2 ||     4
         Manifold Assault  |       |       |       |    31 |    48 ||    79
         Searing Ray       |       |       |       |     1 |       ||     1
  Evoke: Wand              |       |       |     4 |       |    24 ||    28
         Phantom mirror    |       |       |       |       |     2 ||     2
    Use: Scroll            |       |     6 |     3 |     8 |     9 ||    26
         Potion            |       |       |       |     3 |     7 ||    10
   Stab: Sleeping          |     3 |     1 |     3 |     1 |     9 ||    17
         Confused          |       |       |       |     1 |       ||     1
         Distracted        |       |       |       |     2 |     4 ||     6
         Invisible         |       |       |       |       |     4 ||     4
 Armour: Leather armour    |    67 |   123 |   170 |   474 |   409 ||  1243
  Dodge: Dodged            |    95 |   154 |   172 |   632 |   523 ||  1576
  Block: Other             |       |       |       |     8 |       ||     8
         Buckler           |       |       |       |       |   148 ||   148

Table legend: (Time is in decaauts)
 A = Elapsed time spent in this place.
 B = Non-inter-level travel time spent in this place.
 C = Inter-level travel time spent in this place.
 D = Time resting spent in this place.
 E = Time spent auto-exploring this place.
 F = Levels seen in this place.
 G = Mean time per level.
                   A        B        C        D        E       F      G
               +--------+--------+--------+--------+--------+-----+--------+
         Total |  29815 |  28886 |    929 |  12707 |  11857 |  18 | 1656.4 |
       Dungeon |  21024 |  20336 |    688 |  10034 |   7796 |  11 | 1911.3 |
          Lair |   5355 |   5115 |    240 |   1003 |   2932 |   4 | 1338.8 |
      Ice Cave |   2241 |   2241 |      0 |   1251 |    606 |   1 | 2241.0 |
       Volcano |    513 |    513 |      0 |    115 |    272 |   1 |  513.0 |
      Gauntlet |    682 |    682 |      0 |    302 |    251 |   1 |  682.0 |
               +--------+--------+--------+--------+--------+-----+--------+

Top non-repeatable levels by time:
     D:1: 8706 daAuts
   IceCv: 2241 daAuts
    D:10: 1975 daAuts
     D:6: 1847 daAuts
    D:11: 1754 daAuts
  Lair:2: 1681 daAuts
  Lair:1: 1451 daAuts
  Lair:3: 1334 daAuts
     D:7: 1303 daAuts
     D:9: 1177 daAuts
     D:4: 1153 daAuts
     D:5: 1026 daAuts
  Lair:4: 886 daAuts
     D:8: 850 daAuts
     D:3: 706 daAuts
